 Dungeon Crawl Stone Soup version 0.26-a0-1147-g3780a7a11b (webtiles) character file.

Game seed: 11685347682137333287

120 Dracia the Covered (level 4, -4/33 HPs)
             Began as a Demonspawn Wanderer on Dec 22, 2020.
             Slain by a gnoll
             ... wielding a +0 spear
              (11 damage)
             ... on level 3 of the Dungeon.
             The game lasted 00:06:38 (2955 turns).

Dracia the Covered (Demonspawn Wanderer)            Turns: 2955, Time: 00:06:39

Health: -4/33      AC:  3    Str: 13    XL:     4   Next: 75%
Magic:  4/4        EV: 10    Int: 13    God:
Gold:   141        SH:  0    Dex: 15    Spells: 3/3 levels left

rFire    . . .     SeeInvis .   g - +1 dagger (venom)
rCold    . . .     Faith    .   (no shield)
rNeg     . . .     Spirit   .   r - +0 leather armour
rPois    .         Reflect  .   (no helmet)
rElec    .         Harm     .   (no cloak)
rCorr    .         Rampage  .   (no gloves)
Will     .....                  (no boots)
Stlth    +++.......             (no amulet)
HPRegen  0.11/turn              (no ring)
MPRegen  0.09/turn              (no ring)

@: no status effects
A: thin skeletal structure 1
a: no special abilities


You were on level 3 of the Dungeon.
You visited 1 branch of the dungeon, and saw 3 of its levels.

You collected 141 gold pieces.


Innate Abilities, Weirdness & Mutations

You have a somewhat thin skeletal structure. (Dex +2, Stealth)


   Skills:
 - Level 2.0 Fighting
 * Level 2.6 Short Blades
 - Level 2.0 Axes
 - Level 1.0 Bows
 - Level 1.0 Throwing
 - Level 4.5 Armour
 + Level 2.3 Stealth


You had 3 spell levels left.
You didn't know any spells.
Your spell library was empty.

Inventory:

Hand Weapons
 a - a +0 shortbow
 g - a +1 dagger of venom (weapon)
 h - a +0 spear
 o - a +0 dagger
Missiles
 c - 57 arrows
 j - 43 poisoned darts (quivered)
 k - a throwing net {=f=f}
Armour
 b - a +2 scale mail
 l - a +0 helmet
 r - a +0 leather armour (worn)
Scrolls
 d - 2 scrolls of teleportation {@r4@r4}
 e - 2 scrolls of magic mapping {unknown}
 f - 4 scrolls of amnesia {unknown}
 m - a scroll of fear {unknown}
 p - a scroll of immolation {unknown}
Potions
 i - a potion of brilliance {unknown}
 n - a potion of heal wounds {@q2@q2}
 q - a potion of curing {@q1@q1}

Dungeon Overview and Level Annotations

Branches:
Dungeon (3/15)

Altars:
Xom

..... #..........#
#....##.....#...##
######.#........###.##
#....).###......# #.#.
#......###.....## #...
#.............)# ##.#
#..............#####.#
#...............##...#
#....@..........#.(###
#...............#.##
#....g........†...#
#......g........###
#...............####
####....r..........#
####.#..(.#.###.#
#.#...)......#
..#..(.......#


You could see a gnoll, a goblin and a rat.


Message History

The goblin shouts!
You hit the gnoll but do no damage.
The gnoll looks as sick as possible!
The gnoll is moderately wounded.
The gnoll barely misses you.
You hit the gnoll.
The gnoll looks as sick as possible!
The gnoll is heavily wounded.
The gnoll closely misses you.
A rat comes into view.
You hit the gnoll.
The gnoll is severely wounded.
The gnoll hits you.
You hit the gnoll.
You kill the gnoll!
The gnoll barely misses you.
You closely miss the gnoll. The gnoll hits you with a +0 club.
You hit the gnoll.
The gnoll is poisoned.
The gnoll is lightly wounded.
The gnoll closely misses you. x2
You hit the gnoll but do no damage.
The gnoll looks as sick as possible!
The gnoll is moderately wounded.
The gnoll hits you with a +0 club!
* * * LOW HITPOINT WARNING * * *
The gnoll hits you from afar with a +0 spear.
* * * LOW HITPOINT WARNING * * *
The gnoll hits you with a +0 club.
* * * LOW HITPOINT WARNING * * *
You kill the gnoll!
There is a stone staircase leading up here.
The gnoll hits you from afar with a +0 spear!
You die...

Skill      XL: |  1  2  3 |
---------------+----------+-----
Axes           | 2 |  2.0
Short Blades   | 1 2 |  2.6
Bows           | 1 |  1.0
Stealth        | 2 |  2.3
Fighting       | |  2.0
Throwing       | |  1.0
Armour         | |  4.5

Action                   |  1- 3 |  4- 6 || total
-------------------------+-------+-------++-------
Melee: Spear             |    18 |       ||    18
       Dagger            |   157 |    25 ||   182
 Fire: Shortbow          |     7 |       ||     7
Throw: Dart              |     2 |       ||     2
  Use: Potion            |     6 |       ||     6
 Stab: Sleeping          |     7 |       ||     7
Armor: Scale mail        |    17 |       ||    17
       Skin              |    15 |       ||    15
       Leather armour    |    25 |     7 ||    32
Dodge: Dodged            |    84 |     8 ||    92

Levels and vault maps discovered:
D:1:      lemuel_arrival_funnel, layout_loops_ring, minmay_misc_feat_rugged
D:2:      wad_woods_stonehenge, layout_basic
D:3:      layout_rooms, tso_altar, uniq_terence

Notes
Turn   | Place    | Note
-------+----------+-------------------------------------------
     0 | D:1      | Dracia the Demonspawn Wanderer began the quest for the Orb.
     0 | D:1      | Dracia set off with the following items: a +0 shortbow, a
                  | +2 scale mail, 25 arrows, a scroll of teleportation
                  | {@r4@r4}
     0 | D:1      | Reached XP level 1. HP: 16/16 MP: 1/1
   291 | D:1      | Reached skill level 2 in Axes
   291 | D:1      | Gained mutation: You have a somewhat thin skeletal
                  | structure. (Dex +2, Stealth) [demonic ancestry]
   291 | D:1      | Reached XP level 2. HP: 22/22 MP: 2/2
  1304 | D:2      | Identified a potion of resistance
  1320 | D:2      | Reached skill level 1 in Short Blades
  1320 | D:2      | Reached XP level 3. HP: 9/27 MP: 3/3
  1559 | D:2      | Found a shimmering altar of Xom.
  1592 | D:2      | HP: 2/27 [quokka (2)]
  2181 | D:2      | Reached skill level 1 in Bows
  2523 | D:3      | Noticed Terence
  2646 | D:2      | Killed Terence
  2647 | D:2      | Reached skill level 2 in Short Blades
  2647 | D:2      | Reached skill level 2 in Stealth
  2647 | D:2      | Reached XP level 4. HP: 18/33 MP: 4/4
  2955 | D:3      | Slain by a gnoll

Vanquished Creatures
  Terence (D:2)
  3 gnolls (D:3)
  An adder (D:2)
  2 oozes
  A dart slug (D:2)
  A leopard gecko (D:2)
  A bat (D:2)
  3 giant cockroaches
  6 hobgoblins
  8 kobolds
  6 quokkas (D:2)
  2 ball pythons
  A frilled lizard (D:3)
  6 goblins (D:2)
  4 rats
46 creatures vanquished.

Vanquished Creatures (others)
  A frilled lizard (D:2)
  11 plants (D:2)
12 creatures vanquished.

Grand Total: 58 creatures vanquished

Table legend: (Time is in decaauts)
 A = Elapsed time spent in this place.
 B = Non-inter-level travel time spent in this place.
 C = Inter-level travel time spent in this place.
 D = Time resting spent in this place.
 E = Time spent auto-exploring this place.
 F = Levels seen in this place.
 G = Mean time per level.
                   A        B        C        D        E       F      G
               +--------+--------+--------+--------+--------+-----+--------+
         Total |   2948 |   2915 |     33 |    751 |   1693 |   3 |  982.7 |
       Dungeon |   2948 |   2915 |     33 |    751 |   1693 |   3 |  982.7 |
               +--------+--------+--------+--------+--------+-----+--------+

Top non-repeatable levels by time:
     D:2: 2058 daAuts
     D:1: 714 daAuts
     D:3: 175 daAuts

Table legend:
 A = Non-vault XP
 B = Vault XP
 C = Vault XP percentage of total XP
 D = Non-vault monster count
 E = Vault monster count
 F = Vault count percentage of total count
                 A         B        C        D         E       F
            +---------+---------+-------+---------+---------+-------
      Total |     124 |      48 |  27.9 |      39 |       7 |  15.2
            +---------+---------+-------+---------+---------+-------
        D:1 |      17 |       0 |   0.0 |       8 |       0 |   0.0
        D:2 |      57 |      48 |  45.7 |      23 |       7 |  23.3
        D:3 |      50 |       0 |   0.0 |       8 |       0 |   0.0
            +---------+---------+-------+---------+---------+-------
